 Dungeon Crawl Stone Soup version 0.17.0-28-g6e173f8 (webtiles) character file.

143 svarog the Ducker (level 5, -2/26 HPs)
             Began as a Spriggan Warper on Nov 23, 2015.
             Was an Initiate of Makhleb.
             Slain by a slave (7 damage)
             ... led by Pikel
             ... on level 4 of the Dungeon.
             The game lasted 00:12:58 (3000 turns).

svarog the Ducker (Spriggan Warper)                 Turns: 3000, Time: 00:12:59

Health: -2/26      AC:  5    Str:  8    XL:     5   Next: 4%
Magic:  10/10      EV: 20    Int: 15    God:    Makhleb [......]
Gold:   172        SH:  2    Dex: 15    Spells: 2 memorised, 7 levels left

rFire  . . .     SeeInvis +     p - +0 short sword (flame)
rCold  . . .     Clarity  .     b - +0 robe
rNeg   . . .     SustAt   .     (shield restricted)
rPois  .         Gourm    .     (helmet restricted)
rElec  .         Spirit   .     x - +0 cloak
rCorr  .         Warding  .     (gloves unavailable)
rMut   .         Stasis   .     (boots unavailable)
MR     .....                    (no amulet)
Stlth  +++.......               (no ring)
                                (no ring)

@: very quick, not resistant to hostile enchantments, fairly stealthy
A: unfitting armour, large bone plates 1, see invisible, herbivore 3, speed 3,
slow regeneration 1, slow metabolism 2
a: Renounce Religion


You were on level 4 of the Dungeon.
You worshipped Makhleb.
Makhleb was noncommittal.
You were not hungry.

You visited 2 branches of the dungeon, and saw 5 of its levels.

You collected 172 gold pieces.

Inventory:

Hand Weapons
 a - a +0 short sword
 g - a +0 spear
 m - a +0 mace
 p - a +0 short sword of flaming (weapon)
 A - a +0 flail
Missiles
 e - 5 tomahawks of dispersal (quivered)
 j - 3 poisoned sling bullets
 w - 2 poisoned arrows
 D - 6 tomahawks
Armour
 b - a +0 robe (worn)
 l - a +0 ring mail
 s - a +0 scale mail
 t - a +0 robe
 v - a +0 leather armour
 x - a +0 cloak (worn)
 C - a +0 robe
Wands
 y - a wand of confusion (21)
Scrolls
 d - a scroll of blinking
 o - 5 scrolls of identify
 q - a scroll of amnesia
 B - a scroll of enchant armour {unknown}
Potions
 h - 5 potions of curing
 i - a potion of flight
 n - a potion of agility {unknown}
 r - 2 potions of brilliance {unknown}
 u - a potion of invisibility {unknown}
 z - a potion of heal wounds
Books
 c - a book of Spatial Translocations

   Spells                             Type                      Level
   a - Apportation                    Translocation                1
   b - Blink                          Translocation                2
   c - Shroud of Golubria             Charms/Translocation         2
   d - Portal Projectile              Translocation                3
   e - Teleport Other                 Translocation                3
   f - Passage of Golubria            Translocation                4
Comestibles
 f - 5 bread rations
 k - 3 beef jerkies


   Skills:
 + Level 1.9 Fighting
 + Level 2.8 Short Blades
 + Level 1.0 Throwing
 + Level 5.4 Dodging
 + Level 3.8 Stealth
 + Level 3.1 Spellcasting
 + Level 4.8 Translocations


You had 7 spell levels left.
You knew the following spells:

 Your Spells              Type           Power        Failure   Level  Hunger
a - Apportation           Tloc           ###.......   2%          1    #......
b - Shroud of Golubria    Chrm/Tloc      #.........   12%         2    ##.....


Dungeon Overview and Level Annotations

Branches:
Dungeon (4/15)             Temple (1/1) D:4

Altars:
Cheibriados
Dithmenos
Elyvilon
Fedhas
Kikubaaqudgha
Makhleb
Nemelex Xobeh
Okawaru
Ru
Sif Muna
Trog
Vehumet
Xom
The Shining One

Annotations:
D:4 Pikel


Innate Abilities, Weirdness & Mutations

You are tiny and cannot use many weapons and most armour.
You have supernaturally acute eyesight.
You are a herbivore.
You cover ground extremely quickly.
You need consume almost no food.
You are partially covered in large bone plates (AC +2, SH +2).
You regenerate slowly when monsters are visible.


Message History

You hit Pikel but do no damage.
Pikel is lightly wounded.
You block the slave's attack. The slave closely misses you.
Pikel completely misses you.
You closely miss Pikel.
Pikel is lightly wounded.
The slave hits you.
* * * LOW HITPOINT WARNING * * *
The slave barely misses you. Pikel barely misses you.
You are too injured to fight recklessly!
You are too injured to fight recklessly!
You are too injured to fight recklessly!
You are too injured to fight recklessly!
Okay, then.
You hit the slave. You burn the slave.
The slave is lightly wounded.
The slave hits you.
* * * LOW HITPOINT WARNING * * *
The slave hits you!
You die...

.### ...### #.#
.....# #.. .....#
.. .....## >.
......# ##. .....#
#.p ###### .>..##
#####ZK###....###
....#
.....pp@#.......##
.......
#######p.........##
..#####
##..........# ###
#..........# #
##.......#####..
####...###....#
###.....# ##..###
##.#


You could see Pikel, 4 slaves and an adder skeleton.

Vanquished Creatures
  A hound (D:4)
  2 worker ants (D:4)
  2 adders (D:2)
  2 worms (D:3)
  7 bats
  7 hobgoblins
  2 jackals (D:4)
  2 quokkas
  A ball python (D:1)
  6 giant cockroaches
  A giant newt (D:1)
  2 goblins
  4 kobolds
  4 rats
43 creatures vanquished.

Notes
Turn   | Place    | Note
--------------------------------------------------------------
     0 | D:1      | svarog the Spriggan Warper began the quest for the Orb.
     0 | D:1      | Reached XP level 1. HP: 10/10 MP: 5/5
    88 | D:1      | Gained mutation: You are partially covered in large bone plates (AC +2, SH +2). [potion of mutation]
    88 | D:1      | Gained mutation: You regenerate slowly when monsters are visible. [potion of mutation]
   398 | D:1      | Reached XP level 2. HP: 14/14 MP: 6/6
   989 | D:2      | Reached skill level 1 in Stealth
  1114 | D:2      | Reached XP level 3. HP: 13/18 MP: 8/8
  1148 | D:2      | Learned a level 2 spell: Shroud of Golubria
  1457 | D:3      | Found a burning altar of Makhleb.
  1566 | D:3      | Became a worshipper of Makhleb the Destroyer
  1652 | D:3      | Found a deep blue altar of Sif Muna.
  2047 | D:3      | Reached skill level 5 in Dodging
  2208 | D:4      | Reached XP level 4. HP: 23/23 MP: 9/9
  2285 | D:4      | Found a staircase to the Ecumenical Temple.
  2304 | Temple   | Entered the Ecumenical Temple
  2892 | D:4      | Reached XP level 5. HP: 26/26 MP: 10/10
  2985 | D:4      | Noticed a slave
  2989 | D:4      | Noticed Pikel
  2989 | D:4      | Noticed a slave
  2989 | D:4      | Noticed a slave
  2991 | D:4      | Noticed a slave
  3000 | D:4      | Slain by a slave

Action                   |  1- 3 |  4- 6 || total
-------------------------+-------+-------++-------
Melee: Short sword       |   126 |    30 ||   156
 Cast: Apportation       |     5 |     7 ||    12
  Use: Potion            |     4 |       ||     4
       Scroll            |     5 |     1 ||     6
 Stab: Sleeping          |    10 |     1 ||    11
       Distracted        |     1 |       ||     1
